Map: Cactus Valley LE (Void)

Players

Musumeci - Winner!

  • Race: Zerg Zerg
  • League: Diamond
  • Spawn Location: 5:00

MichyMoko

  • Race: Zerg Zerg
  • Spawn Location: 11:00

VOD

Have the link to the VOD?

Description

Time

  • Played on: March 23, 2017, 4:01 p.m.
  • Length: 12:29
Show
View Real Time Build Order
Export as new Build Order

Musumeci Zerg - Winner!

Build Orders: Hatch First, Muta Ling Bane 

Get SALT Encoding   

  12  0:01  Drone  
  13  0:08  Drone  
  14  0:19  Extractor  
  14  0:20  Drone  
  14  0:25  Overlord  
  15  0:43  Drone x2  
  17  0:58  Hatchery  
  17  1:01  Drone  
  17  1:12  Spawning Pool  
  17  1:15  Extractor  
  17  1:16  Drone  
  16  1:20  Drone  
  16  1:24  Drone  
  18  1:29  Drone  
  19  1:38  Overlord  
  19  1:48  Drone  
  20  1:59  Drone  
  20  2:00  Queen  
  23  2:10  Queen, Zergling x2  
  23  2:15  Metabolic Boost  
  26  2:20  Drone  
  26  2:22  Drone x2  
  29  2:35  Queen  
  31  2:41  Baneling Nest  
  30  2:46  Drone x3  
  33  2:54  Overlord  
  33  3:11  Zergling x2  
  33  3:12  Zergling x4  
  36  3:25  Overlord  
  36  3:35  Baneling x2  
  35  3:46  Drone x10  
  45  3:58  Drone x2  
  45  4:01  Hatchery  
  43  4:19  Zergling x10  
  48  4:42  Baneling x2  
  48  4:43  Evolution Chamber  
  48  4:44  Evolution Chamber  
  46  4:46  Extractor  
  46  4:47  Lair  
  45  5:01  Drone x6  
  45  5:04  Baneling x2  
  52  5:13  Drone x3, Extractor  
  54  5:15  Drone x3, Extractor  
  54  5:18  Drone x2  
  54  5:19  Overlord x2  
  58  5:35  Overlord  
  58  5:36  Overlord x2  
  58  5:42  Zergling x16  
  66  6:05  Drone, Spire  
  66  6:19  Extractor  
  66  6:24  Extractor  
  54  6:47  Baneling  
  52  7:15  Drone x2  
  52  7:16  Drone  
  52  7:17  Drone x3  
  52  7:18  Mutalisk  
  52  7:19  Mutalisk x10  
  79  7:27  Zerg Flyer Weapons Level 1  
  79  7:29  Overlord x3  
  79  7:31  Zergling x4  
  79  7:34  Centrifical Hooks  
  81  7:48  Zergling x16  
  89  8:01  Queen  
  77  8:12  Zergling x2  
  77  8:13  Zergling x18  
  77  8:19  Zergling x8  
  77  8:46  Drone x9  
  77  8:47  Drone x5  
  91  9:14  Mutalisk x10  
  111  9:21  Zerg Flyer Armor Level 1  
  111  9:27  Drone x4  
  111  9:28  Drone x2  
  117  9:36  Mutalisk x2  
  121  9:42  Hatchery, Overseer  
  110  10:12  Drone  
  110  10:13  Drone x5  
  116  10:43  Zergling x2  
  116  10:44  Zergling x10  
  116  10:46  Overlord x5  
  122  11:08  Mutalisk  
  122  11:09  Mutalisk x10  
  144  11:24  Overlord x3  
  144  11:27  Extractor  
  144  11:30  Extractor  
  142  11:37  Baneling x20  
  142  11:38  Baneling x16  
Show
View Real Time Build Order
Export as new Build Order

MichyMoko Zerg 

Build Orders: Pool First 

Get SALT Encoding   

  12  0:02  Drone  
  13  0:12  Overlord  
  13  0:18  Drone  
  14  0:31  Drone x2  
  16  0:39  Drone  
  17  0:46  Spawning Pool  
  16  0:50  Drone  
  16  0:55  Extractor  
  16  0:58  Drone  
  17  1:21  Hatchery  
  17  1:25  Drone  
  17  1:43  Queen  
  17  1:44  Zergling x2  
  17  1:46  Zergling x2  
  17  1:47  Drone  
  22  2:08  Overlord  
  22  2:26  Drone x2  
  22  2:29  Drone  
  25  2:42  Queen  
  27  2:47  Queen  
  27  2:48  Metabolic Boost  
  29  2:52  Roach Warren  
  29  2:53  Zergling x2  
  29  2:55  Drone  
  30  3:05  Zergling x4  
  32  3:12  Drone x3  
  35  3:18  Overlord  
  34  3:46  Zergling x4  
  34  3:47  Roach x2  
  34  3:48  Drone x2  
  40  3:58  Extractor  
  38  4:16  Drone x2  
  38  4:17  Drone x2  
  39  4:25  Lair  
  39  4:33  Drone x5  
  39  4:34  Overlord x2  
  44  5:03  Roach  
  44  5:04  Roach x7  
  44  5:06  Overlord  
  60  5:21  Extractor  
  60  5:22  Extractor  
  58  5:32  Evolution Chamber  
  58  5:34  Ravager x4  
  58  5:35  Evolution Chamber  
  60  6:00  Zergling x4  
  60  6:01  Zergling x2  
  60  6:03  Zerg Missile Weapons Level 1  
  59  6:22  Drone x3  
  60  6:39  Zergling x10  
  65  6:40  Zergling x14  
  56  7:20  Drone  
  56  7:21  Drone x5  
  62  7:32  Roach  
  64  7:54  Roach  
  64  7:55  Roach  
  68  8:04  Overlord x4  
  67  8:10  Spore Crawler  
  65  8:14  Spore Crawler  
  65  8:17  Hydralisk Den, Spore Crawler  
  65  8:19  Queen  
  60  8:21  Spore Crawler  
  53  9:07  Hydralisk  
  53  9:08  Hydralisk x10  
  74  9:15  Spore Crawler  
  73  9:21  Queen  
  75  9:29  Hydralisk  
  69  9:58  Hydralisk x2  
  69  9:59  Hydralisk  
  73  10:03  Hydralisk  
  66  10:11  Hydralisk  
  68  10:17  Unknown  
  68  10:19  Drone  
  68  10:20  Drone  
  66  10:46  Hydralisk x3  
  70  11:03  Spore Crawler  
  66  11:05  Hydralisk  
  66  11:06  Hydralisk  
  68  11:16  Spore Crawler  
  67  11:20  Hydralisk  
  69  11:33  Hydralisk  
Tags
 
Add a new tag
Caveats
  • Supply blocks, unpowered buildings, or Contaminate may cause inaccurate times.
  • Supply counts are checked every 10 seconds.